 Dungeon Crawl Stone Soup version 0.32-a0-799-g95e1662365 (webtiles) character file.

Game seed: 7079776173865242243

6110 smashvw the Skirmisher (level 10, 0/78 (79) HPs)
             Began as a Gnoll Hunter on Mar 22, 2024.
             Was a Believer of Cheibriados.
             Slain by an orc warrior
             ... wielding a +0 scimitar
              (9 damage)
             ... on level 8 of the Dungeon.
             The game lasted 00:17:38 (6532 turns).

smashvw the Skirmisher (Gnoll Hunter)               Turns: 6532, Time: 00:17:39

HP:   0/78 (79)     AC:  6    Str: 15    XL:     10   Next: 89%
MP:   18/18         EV: 21    Int: 16    God:    Cheibriados [**....]
Gold: 1246          SH:  0    Dex: 37    Spells: 20/20 levels left

rFire   . . .        p - +2 whip (elec)
rCold   . . .        (no shield)
rNeg    . . .        K - +1 robe "Pebomaph" {Will+ Regen+ Int+2}
rPois   .            (no helmet)
rElec   .            t - +0 cloak
rCorr   .            q - +0 pair of gloves
SInv    .            (no boots)
Will    +....        (no amulet)
Stlth   +++++        P - +6 ring of dexterity
HPRegen 1.13/turn    n - +6 ring of dexterity
MPRegen 0.16/turn

%: no passive effects
@: lightly drained, very slow
A: fangs 1, strong nose, distributed training
a: Renounce Religion, Bend Time


You were on level 8 of the Dungeon.
You worshipped Cheibriados.
Cheibriados was pleased with you.
You visited 2 branches of the dungeon, and saw 10 of its levels.

You collected 1336 gold pieces.
You spent 90 gold pieces at shops.

Inventory:

Hand Weapons
 g - the +10 sling of Valiance {speed, rPois Int-3 Dex+5}
   (You found it on level 2 of the Dungeon)

   Int-3:     It affects your intelligence (-3).
   Dex+5:     It affects your dexterity (+5).
   rPois:     It protects you from poison.
   Cheibriados disapproves of the use of such an item.
 p - a +2 whip of electrocution (weapon)
 M - a +0 orcbow
Missiles
 H - 8 javelins
 N - 8 boomerangs (quivered)
 Q - a curare-tipped dart
 R - 20 poisoned darts
Armour
 c - a +0 leather armour
 i - a +0 scale mail
 q - a +0 pair of gloves (worn)
 s - the +4 ring mail of the Telling Gods {rC+ Int-5 Slay+4}
   (You found it on level 8 of the Dungeon)

   Int-5:     It affects your intelligence (-5).
   Slay+4:    It affects your accuracy & damage with ranged weapons and melee
   (+4).
   rC+:       It protects you from cold.
 t - a +0 cloak (worn)
 A - a +0 plate armour
 K - the +1 robe "Pebomaph" (worn) {Will+ Regen+ Int+2}
   (You found it on level 6 of the Dungeon)

   Int+2:     It affects your intelligence (+2).
   Will+:     It increases your willpower.
   Regen+:    It increases your rate of health regeneration.
Jewellery
 h - the ring of Ziuggot {rF+++ rN+ Will- MP+9 Int+3}
   (You found it on level 2 of the Dungeon)

   [ring of positive energy]

   Int+3:     It affects your intelligence (+3).
   rF+++:     It renders you almost immune to fire.
   rN+:       It protects you from negative energy.
   Will-:     It decreases your willpower.
   MP+9:      It affects your magic capacity (+9).
 n - a +6 ring of dexterity (right hand)
 u - a +4 ring of protection
 B - a ring of see invisible
 C - an amulet of magic regeneration
 I - a ring of willpower
 P - a +6 ring of dexterity (left hand)
 U - a ring of protection from fire
Wands
 k - a wand of charming (6)
 z - a wand of mindburst (13)
 J - a wand of flame (25)
 L - a wand of digging (4)
 O - a wand of warping (15)
Scrolls
 b - 2 scrolls of butterflies
 d - 2 scrolls of blinking
 e - a scroll of revelation {unknown}
 j - 3 scrolls of silence
 l - a scroll of noise {unknown}
 r - a scroll of fog
 v - 2 scrolls of fear {unknown}
 y - a scroll of poison
 D - a scroll of vulnerability
 E - a scroll of enchant weapon
 T - a scroll of identify
Potions
 a - a potion of ambrosia
 f - a potion of enlightenment
 m - a potion of magic
 o - 3 potions of curing
 w - 2 potions of might {unknown}
 x - 2 potions of heal wounds
 F - 2 potions of resistance {unknown}
 G - 2 potions of degeneration
 S - a potion of haste {unknown}


   Skills:
 + Level 7.5 Fighting
 + Level 5.9 Short Blades
 + Level 5.9 Long Blades
 + Level 5.9 Axes
 + Level 5.9 Maces & Flails
 + Level 5.9 Polearms
 + Level 5.9 Staves
 + Level 10.4 Ranged Weapons
 + Level 5.9 Throwing
 + Level 5.9 Armour
 + Level 7.5 Dodging
 + Level 6.4 Stealth
 + Level 5.9 Shields
 + Level 5.9 Unarmed Combat
 + Level 5.9 Spellcasting
 + Level 4.9 Conjurations
 + Level 4.9 Hexes
 + Level 4.9 Summonings
 + Level 4.9 Necromancy
 + Level 4.9 Translocations
 + Level 4.9 Fire Magic
 + Level 4.9 Ice Magic
 + Level 4.9 Air Magic
 + Level 4.9 Earth Magic
 + Level 4.9 Alchemy
 + Level 6.5 Invocations
 + Level 5.9 Evocations
 + Level 5.4 Shapeshifting


You had 20 spell levels left.
You didn't know any spells.
Your spell library contained the following spells:

 Spells                   Type           Power      Damage    Failure   Level
 Apportation              Tloc           40%        N/A       1%          1
 Magic Dart               Conj           80%        1d7       1%          1
 Necrotise                Necr           80%        1d8       1%          1
 Sting                    Conj/Alch      80%        1d8       1%          1
 Summon Small Mammal      Summ           80%        N/A       1%          1
 Blink                    Tloc           40%        N/A       2%          2
 Call Imp                 Summ           40%        N/A       2%          2
 Cigotuvi's Dreadful Rot  Necr/Alch/Air  40%        N/A       2%          2
 Lesser Beckoning         Tloc           40%        N/A       2%          2
 Momentum Strike          Conj/Tloc      40%        3d9       2%          2
 Call Canine Familiar     Summ           20%        N/A       5%          3
 Dispel Undead            Necr           20%        3d11      19%         4
 Martyr's Knell           Necr/Summ      20%        N/A       19%         4
 Summon Blazeheart Golem  Fire/Summ      20%        N/A       19%         4


Dungeon Overview and Level Annotations

Branches:
Dungeon (9/15)             Temple (1/1) D:7
   Lair: D:8-11         Orc: D:9-12

Altars:
Cheibriados
Dithmenos
Elyvilon
Fedhas
Gozag
Kikubaaqudgha
Makhleb
Nemelex Xobeh
Okawaru
Qazlal
Ru
Sif Muna
Trog
Uskayaw
Vehumet
Wu Jian
Xom
Yredelemnul
Zin
The Shining One

Shops:
D:2 =   D:6 =   D:7 *

Annotations:
D:6 2 transporters, inkslinger's ghost, novice DECj


Innate Abilities, Weirdness & Mutations

You have very sharp teeth.
Your uncanny sense of smell can sniff out nearby items.
Your experience applies equally to all skills.


Message History

The steam dragon completely misses you. x2; The orc closely misses you.
The orc warrior curses noisily.
The orc warrior barely misses you.
You hit the steam dragon.
The steam dragon is almost dead.
The steam dragon barely misses you.
The steam dragon claws you but does no damage.
The orc misses you.
You hit the steam dragon but do no damage.
Your bite misses the steam dragon.
The steam dragon is almost dead.
The orc warrior barely misses you.
You barely miss the steam dragon.
You bite the steam dragon, but do no damage.
The steam dragon is almost dead.
The steam dragon bites you!
* * * LOW HITPOINT WARNING * * *
The steam dragon completely misses you. The orc closely misses you.
The orc warrior misses you.
You hit the steam dragon.
You kill the steam dragon!
Cheibriados appreciates the change of pace.
The orc completely misses you. The orc warrior misses you.
You hit the orc warrior but do no damage.
The orc closely misses you. The orc warrior completely misses you.
You hit the orc warrior but do no damage.
Lightning courses through the orc warrior!
The orc warrior is moderately wounded.
The orc closely misses you.
You hit the orc warrior but do no damage.
Lightning courses through the orc warrior!
The orc warrior is severely wounded.
The orc warrior hits you with a +0 scimitar!
* * * LOW HITPOINT WARNING * * *
You hit the orc warrior.
The orc warrior is severely wounded.
The orc misses you.
The orc warrior hits you with a +0 scimitar!
You die...
Cheibriados appreciates the motionlessness of death.

.........................#
...................#######
...................#....#
.(.................#....#
#########....#######....#
#..'....#....#..........#
#..#....#....#....[.....#
#..#....#....#.oo.......#
#..#....#....#..@.......#
#####..##....###.†###...#
...##.†#.......#..#######
...#...'.......#........#
...#...#.......#........#
...#...#.......###'##...#
...#...#.......#...##...#
...##'##.......#...##...#
...#...#.......#...###÷##


You could see an orc warrior and an orc.

Vanquished Creatures
  Joseph (D:8)
  A wyvern (D:8)
  14 yaks
  A steam dragon (D:8)
  6 sky beasts
  An ice beast (D:7)
  2 orc warriors
  2 ogres
  4 centaurs
  2 phantoms
  2 kobold brigands
  6 bullfrogs (D:8)
  5 scorpions
  4 wights
  A howler monkey (D:8)
  A jelly (D:5)
  A bombardier beetle (D:7)
  2 gnoll boudas
  5 orc priests
  5 hounds
  2 sleepcaps
  4 iguanas
  3 orc wizards
  17 gnolls
  7 adders
  3 white imps
  2 ufetubi (D:6)
  2 dart slugs (D:2)
  3 ribbon worms
  23 orcs
  11 endoplasms
  11 giant cockroaches
  2 goblins (D:3)
  9 hobgoblins
  9 jackals
  16 kobolds
  4 quokkas
  8 ball pythons
  9 bats
  5 frilled lizards
  5 rats
221 creatures vanquished.

Vanquished Creatures (others)
  An orc (D:9)
1 creature vanquished.

Grand Total: 222 creatures vanquished

Notes
Turn   | Place    | Note
-------+----------+-------------------------------------------
     0 | D:1      | smashvw the Gnoll Hunter began the quest for the Orb.
     0 | D:1      | Reached XP level 1. HP: 20/20 MP: 1/1
     2 | D:1      | Found a runed translucent door.
   179 | D:1      | Reached XP level 2. HP: 26/26 MP: 2/2
   259 | D:1      | Reached XP level 3. HP: 31/31 MP: 3/3
   670 | D:1      | Reached skill level 1 in Invocations
   687 | D:1      | Reached skill level 1 in Short Blades
   687 | D:1      | Reached skill level 1 in Long Blades
   687 | D:1      | Reached skill level 1 in Axes
   687 | D:1      | Reached skill level 1 in Maces & Flails
   687 | D:1      | Reached skill level 1 in Polearms
   687 | D:1      | Reached skill level 1 in Staves
   687 | D:1      | Reached skill level 1 in Throwing
   687 | D:1      | Reached skill level 1 in Armour
   687 | D:1      | Reached skill level 1 in Shields
   687 | D:1      | Reached skill level 1 in Unarmed Combat
   687 | D:1      | Reached skill level 1 in Spellcasting
   687 | D:1      | Reached skill level 1 in Evocations
   715 | D:1      | Reached skill level 1 in Shapeshifting
   715 | D:1      | Reached XP level 4. HP: 38/38 MP: 5/5
   775 | D:2      | Identified the +10 sling of Valiance {speed, rPois Int-3
                  | Dex+5}
   822 | D:2      | Identified the ring of Ziuggot {rF+++ rN+ Will- MP+9 Int+3}
  1004 | D:2      | Reached skill level 1 in Conjurations
  1004 | D:2      | Reached skill level 1 in Hexes
  1004 | D:2      | Reached skill level 1 in Summonings
  1004 | D:2      | Reached skill level 1 in Necromancy
  1004 | D:2      | Reached skill level 1 in Translocations
  1004 | D:2      | Reached skill level 1 in Fire Magic
  1004 | D:2      | Reached skill level 1 in Ice Magic
  1004 | D:2      | Reached skill level 1 in Air Magic
  1004 | D:2      | Reached skill level 1 in Earth Magic
  1004 | D:2      | Reached skill level 1 in Alchemy
  1152 | D:2      | Found Yzizihyu's Jewellery Shoppe.
  1206 | D:2      | Reached XP level 5. HP: 43/43 MP: 7/7
  1407 | D:2      | Found a shimmering altar of Xom.
  1629 | D:3      | Found an ornate altar of the Wu Jian Council.
  1991 | D:3      | Found a shimmering altar of Xom.
  2023 | D:3      | Reached XP level 6. HP: 50/50 MP: 8/8
  2353 | D:4      | Reached skill level 5 in Fighting
  2353 | D:4      | Reached skill level 5 in Dodging
  2700 | D:4      | Reached XP level 7. HP: 56/56 MP: 10/10
  2955 | D:5      | Entered Level 5 of the Dungeon
  3009 | D:5      | Reached skill level 9 in Ranged Weapons
  3102 | D:5      | Found a sparkling altar of Nemelex Xobeh.
  3498 | D:5      | Found a white marble altar of Elyvilon.
  3591 | D:5      | Reached XP level 8. HP: 63/63 MP: 12/12
  3853 | D:6      | Noticed a queen bee
  3877 | D:6      | Found Ughoix's Jewellery Shoppe.
  4026 | D:6      | Identified the +1 robe "Pebomaph" {Will+ Regen+ Int+2}
  4156 | D:6      | Noticed inkslinger's ghost (novice DECj)
  4181 | D:6      | Found a transporter.
  4186 | D:6      | Found a transporter.
  4278 | D:7      | Found a staircase to the Ecumenical Temple.
  4289 | Temple   | Entered the Ecumenical Temple
  4307 | Temple   | Became a worshipper of Cheibriados the Contemplative
  4372 | D:7      | Found a hide-covered altar of Uskayaw.
  4384 | D:7      | Reached XP level 9. HP: 61/69 MP: 14/14
  4398 | D:7      | Found an ancient bone altar of Kikubaaqudgha.
  4399 | D:7      | Found a burning altar of Makhleb.
  4400 | D:7      | Found a stormy altar of Qazlal.
  4403 | D:7      | Found a glowing silver altar of Zin.
  4787 | D:7      | Found Magepy's General Store.
  4795 | D:7      | Bought a potion of degeneration for 15 gold pieces
  4795 | D:7      | Bought a potion of heal wounds for 75 gold pieces
  5106 | D:8      | Reached skill level 5 in Stealth
  5118 | D:8      | Reached skill level 5 in Invocations
  5129 | D:8      | Found an opulent altar of Gozag.
  5137 | D:8      | Reached * piety under Cheibriados
  5191 | D:8      | Identified a scroll of acquirement
  5191 | D:8      | Acquired 915 gold pieces
  5283 | D:8      | Identified the +4 ring mail of the Telling Gods {rC+ Int-5
                  | Slay+4}
  5489 | D:8      | Reached skill level 5 in Short Blades
  5489 | D:8      | Reached skill level 5 in Long Blades
  5489 | D:8      | Reached skill level 5 in Axes
  5489 | D:8      | Reached skill level 5 in Maces & Flails
  5489 | D:8      | Reached skill level 5 in Polearms
  5489 | D:8      | Reached skill level 5 in Staves
  5489 | D:8      | Reached skill level 5 in Throwing
  5489 | D:8      | Reached skill level 5 in Armour
  5489 | D:8      | Reached skill level 5 in Shields
  5489 | D:8      | Reached skill level 5 in Unarmed Combat
  5489 | D:8      | Reached skill level 5 in Spellcasting
  5489 | D:8      | Reached skill level 5 in Evocations
  5489 | D:8      | Reached XP level 10. HP: 77/77 MP: 17/17
  5539 | D:8      | Noticed Joseph
  5553 | D:8      | Killed Joseph
  5554 | D:8      | Reached skill level 10 in Ranged Weapons
  5709 | D:8      | Found a sacrificial altar of Ru.
  5900 | D:8      | Reached ** piety under Cheibriados
  6008 | D:8      | Reached skill level 5 in Shapeshifting
  6225 | D:9      | Noticed a two-headed ogre
  6532 | D:8      | Slain by an orc warrior

Illustrated notes

Levels and vault maps discovered:
D:1:      dpeg_arrival_caged_fury, layout_basic
D:2:      layout_loops_ring, serial_shops, nicolae_shop_behind_doors,
          basic_altar, minivault_25, kennysheep_generic_room_14
D:3:      layout_basic, nicolae_wu_jian_glorious_leap,
          mainiacjoe_overflow_small_starburst
D:4:      layout_loops_cross
D:5:      layout_cave_pods, nemelex_spade_bored_becter, kennysheep_mini_moat
D:6:      layout_cave_pools, gammafunk_ghost_hive, nicolae_take_the_stairs
D:7:      layout_basic, minitemple, minmay_temple_entry_sparse_star,
          serial_shops, nicolae_stop_n_shop_2
D:8:      minmay_slanted_spiral_squares, layout_gridville, lemuel_crystal_altar,
          mainiacjoe_overflow_catwalk, uniq_joseph
D:9:      layout_cross, kennysheep_mini, evilmike_ruin_ashenzari,
          serial_gnoll_camp, grums_kennel, gnoll_camp_medium_02,
          gnoll_camp_medium_01, gnoll_camp_mini_loothouse, gnoll_camp_mini_hut,
          supply_closet_lemuel
Temple:   grunt_temple_mini_profane

Skill      XL: |  1  2  3  4  5  6  7  8  9 10 |
---------------+-------------------------------+-----
Invocations    | 1 2 3 4 5 6 |  6.5
Short Blades   | 1 2 3 5 |  5.9
Long Blades    | 1 2 3 5 |  5.9
Axes           | 1 2 3 5 |  5.9
Maces & Flails | 1 2 3 5 |  5.9
Polearms       | 1 2 3 5 |  5.9
Staves         | 1 2 3 5 |  5.9
Throwing       | 1 2 3 5 |  5.9
Armour         | 1 2 3 5 |  5.9
Shields        | 1 2 3 5 |  5.9
Unarmed Combat | 1 2 3 5 |  5.9
Spellcasting   | 1 2 3 5 |  5.9
Evocations     | 1 2 3 5 |  5.9
Shapeshifting  | 1 2 3 4 5 |  5.4
Conjurations   | 1 2 3 4 |  4.9
Hexes          | 1 2 3 4 |  4.9
Summonings     | 1 2 3 4 |  4.9
Necromancy     | 1 2 3 4 |  4.9
Translocations | 1 2 3 4 |  4.9
Fire Magic     | 1 2 3 4 |  4.9
Ice Magic      | 1 2 3 4 |  4.9
Air Magic      | 1 2 3 4 |  4.9
Earth Magic    | 1 2 3 4 |  4.9
Alchemy        | 1 2 3 4 |  4.9
Stealth        | 3 4 5 6 |  6.4
Fighting       | 5 6 7 |  7.5
Dodging        | 5 6 7 |  7.5
Ranged Weapons | 9 10 | 10.4

Action                     |  1- 3 |  4- 6 |  7- 9 | 10-12 || total
---------------------------+-------+-------+-------+-------++-------
  Melee: Unarmed           |       |       |    10 |       ||    10
         Bite              |       |       |     1 |    15 ||    16
         Whip              |       |       |       |    57 ||    57
   Fire: Shortbow          |    86 |     4 |       |       ||    90
         Sling             |       |   110 |   104 |       ||   214
         Orcbow            |       |       |   106 |   136 ||   242
    Use: Scroll            |       |       |     7 |     3 ||    10
         Potion            |       |       |       |     2 ||     2
   Stab: Sleeping          |       |       |     1 |       ||     1
 Armour: Leather armour    |    22 |     4 |     1 |       ||    27
         Robe              |       |       |    19 |    88 ||   107
  Dodge: Dodged            |    31 |    10 |    61 |   168 ||   270

Table legend: (Time is in decaauts)
 A = Elapsed time spent in this place.
 B = Non-inter-level travel time spent in this place.
 C = Inter-level travel time spent in this place.
 D = Time resting spent in this place.
 E = Time spent auto-exploring this place.
 F = Levels seen in this place.
 G = Mean time per level.
                   A        B        C        D        E       F      G
               +--------+--------+--------+--------+--------+-----+--------+
         Total |   7075 |   6651 |    424 |     36 |   5551 |  10 |  707.5 |
       Dungeon |   7039 |   6632 |    407 |     36 |   5551 |   9 |  782.1 |
        Temple |     36 |     20 |     16 |      0 |      0 |   1 |   36.0 |
               +--------+--------+--------+--------+--------+-----+--------+

Top non-repeatable levels by time:
     D:8: 1728 daAuts
     D:7: 1048 daAuts
     D:3: 873 daAuts
     D:1: 762 daAuts
     D:5: 761 daAuts
     D:2: 688 daAuts
     D:4: 590 daAuts
     D:6: 479 daAuts
     D:9: 106 daAuts
  Temple: 36 daAuts
